AoeStats
← PiroTrix

Arabia

510105911Analyzed
1v1 RM · 2d ago on Sep 29, 2026· 45m 43s· 2 players
Game mode
Random Map
Map size
Tiny (2 player)
Population
200
Speed
Normal
Resources
Standard
Victory
Conquest
Starting age
Dark Age
Ending age
Imperial Age
RankedLock teamsTeams togetherTeam positionsShared explorationLock speedFull tech treeHidden civsTurbo modeCheats
Victory
Defeat
🇨🇱 Franks · Chile
604
+19
🇦🇷 Teutons · Argentina
632
-17
PiroTrix
10:50 Feudal Age
13:51 Double-Bit Axe
20:14 Castle Age
24:03 Gold Mining
25:32 Wheelbarrow
25:25 Bow Saw
26:21 Husbandry
26:24 Stone Mining
28:03 Padded Archer Armor
31:07 Hand Cart
33:27 Imperial Age
31:16 Hand Cart
30:47 Loom
31:20 Elite Skirmisher
32:39 Forging
32:35 Scale Barding Armor
32:46 Leather Archer Armor
32:22 Fletching
33:37 Cavalier
35:35 Town Watch
36:26 Ballistics
37:07 Chemistry
36:49 Iron Casting
36:49 Town Patrol
38:03 Paladin
41:05 Bodkin Arrow
42:09 Chivalry
44:01 Blast Furnace
43:22 Chain Barding Armor
44:21 Scale Mail Armor
44:35 Masonry
44:31 Siege Engineers
leandro0191
10:54 Feudal Age
13:47 Loom
16:37 Castle Age
14:46 Double-Bit Axe
14:50 Horse Collar
23:46 Stone Mining
26:26 Scale Barding Armor
26:32 Forging
26:55 Coinage
28:40 Bloodlines
28:54 Chain Barding Armor
29:11 Iron Casting
29:28 Stone Shaft Mining
28:44 Gold Mining
29:21 Bow Saw
29:15 Heavy Plow
29:52 Squires
31:48 Wheelbarrow
30:59 Town Watch
30:37 Pikeman
31:52 Scale Mail Armor
32:57 Hand Cart
32:37 Fletching
32:48 Padded Archer Armor
32:13 Elite Skirmisher
37:16 Imperial Age
35:36 Town Patrol
36:54 Chain Mail Armor
36:55 Leather Archer Armor
36:36 Bodkin Arrow
38:28 Banking
38:10 Guilds
39:23 Blast Furnace
39:00 Plate Mail Armor
39:35 Halberdier
39:49 Cavalier
40:56 Conscription
41:12 Hoardings
41:53 Chemistry
41:18 Ballistics
42:21 Two-Man Saw
41:56 Crop Rotation
42:29 Elite Teutonic Knight
Connection lost

Rejoining the realm…

Still unreachable

The connection could not be restored.

Session expired

The server has moved on; the page needs a fresh start.